 Dungeon Crawl Stone Soup version 0.30-a0-341-g682706514a (webtiles) character file.

Game seed: 3112102424163525161

70 lunkers the Cutter (level 4, -1/38 HPs)
             Began as a Meteoran Fighter on Nov 1, 2022.
             Slain by a gnoll
             ... wielding a +0 halberd
             ... led by a gnoll bouda
              (4 damage)
             ... on level 4 of the Dungeon.
             The game lasted 00:03:43 (1156 turns).

lunkers the Cutter (Meteoran Fighter)               Turns: 1156, Time: 00:03:44

Health: -1/38      AC:  6    Str: 19    XL:     4   Next: 72%
Magic:  5/5        EV:  9    Int: 10    God:
Gold:   162        SH:  5    Dex: 13    Spells: 3/3 levels left

rFire   . . .      SeeInvis .    q - +2 short sword (speed)
rCold   . . .      Faith    .    c - +0 buckler
rNeg    + . .      Spirit   .    b - +0 scale mail
rPois   .          Reflect  .    (no helmet)
rElec   .          Harm     .    (no cloak)
rCorr   .          Rampage  .    (no gloves)
Will    .....                    (no boots)
Stlth   ..........               (no amulet)
HPRegen 0.26/turn                h - ring of positive energy
MPRegen 0.09/turn                p - ring of wizardry

@: weakened, glowing
A: sense surroundings 1, otherworldly, glowing, explore regen
a: no special abilities


You were on level 4 of the Dungeon.
You visited 1 branch of the dungeon, and saw 4 of its levels.

You collected 162 gold pieces.

Inventory:

Hand Weapons
 a - a +0 rapier
 q - a +2 short sword of speed (weapon)
Missiles
 e - 2 atropa-tipped darts
 x - a throwing net
Armour
 b - a +0 scale mail (worn)
 c - a +0 buckler (worn)
Jewellery
 h - a ring of positive energy (left hand)
 k - a ring of ice
 p - a ring of wizardry (right hand)
Wands
 r - a wand of polymorph (9)
 s - a wand of charming (16)
Scrolls
 f - 3 scrolls of teleportation {unknown}
 g - 3 scrolls of blinking {unknown}
 i - a scroll of fog {unknown}
 m - 5 scrolls of identify {unknown}
 n - a scroll of summoning {unknown}
 o - a scroll of magic mapping {unknown}
 v - 2 scrolls of amnesia {unknown}
 w - a scroll of fear {unknown}
Potions
 d - 2 potions of might
 j - 2 potions of curing {unknown}
 l - a potion of haste {unknown}
 t - a potion of attraction {unknown}
 u - a potion of invisibility {unknown}


   Skills:
 - Level 3.2 Fighting
 + Level 4.8 Short Blades
 - Level 3.6 Armour
 - Level 3.6 Shields


You had 3 spell levels left.
You didn't know any spells.
Your spell library contained the following spells:

 Spells                   Type           Power      Damage    Failure   Level
 Sandblast                Erth           0%         2d4       47%         1
 Ensorcelled Hibernation  Hex/Ice        0%         N/A       61%         2
 Passwall                 Tmut/Erth      0%         N/A       61%         2
 Spider Form              Tmut/Pois      0%         N/A       83%         3
 Stone Arrow              Conj/Erth      0%         3d7       83%         3
 Anguish                  Hex/Necr       0%         N/A       99%         4


Dungeon Overview and Level Annotations

Branches:
Dungeon (4/15) Zot: 1255
 Temple: D:4-7

Altars:


Innate Abilities, Weirdness & Mutations

You passively map a small area around you.
You are easily found by Zot.
You glow in the dark.
You regain HP and MP as you explore.


Message History

The gnoll is heavily wounded.
The gnoll hits you but does no damage. The gnoll barely misses you.
You hit the gnoll.
The gnoll is severely wounded.
You hit the gnoll.
You kill the gnoll!
The gnoll hits you from afar with a +0 halberd.
* * * LOW HITPOINT WARNING * * *
The gnoll bouda gazes fiercely through you!
You feel your attacks grow feeble.
The gnoll throws a throwing net.
The throwing net misses you.
You see here a throwing net.
The gnoll bouda gazes fiercely through you!
You feel as though you will be weak longer.
The gnoll is no longer moving quickly.
The gnoll bouda gazes fiercely through you!
You feel as though you will be weak longer.
The gnoll bouda barks out a call to the hunt!
The gnolls pick up the pace!
The gnoll hits you with a +0 halberd!
* * * LOW HITPOINT WARNING * * *
You hit the gnoll.
The gnoll is lightly wounded.
The gnoll barely misses you.
You hit the gnoll.
The gnoll is heavily wounded.
The gnoll hits you with a +0 halberd!
* * * LOW HITPOINT WARNING * * *
You closely miss the gnoll.
The gnoll is heavily wounded.
You hit the gnoll but do no damage.
The gnoll is heavily wounded.
The gnoll hits you with a +0 halberd!
* * * LOW HITPOINT WARNING * * *
You barely miss the gnoll.
The gnoll is heavily wounded.
You hit the gnoll bouda.
The gnoll bouda is lightly wounded.
The gnoll hits you from afar with a +0 halberd.
You die...

#.####.#......g...##)#
#.####.#..........##.#
#....#.........##.##.#
####.###..#....##>...#
#.#.#...g#.###.####
#.#g..(#.#.# #.# *
##.#g####.#.# #..
#..#g# #...# #..
#..#@# ##### #...*
#..#.# #... #....#
#.### ###### * *+ * ,
, , ,


You could see a gnoll bouda and 2 gnolls.

Vanquished Creatures
  A gnoll (D:4)
  A worm (D:2)
  An orc (D:3)
  4 ball pythons
  5 endoplasms
  2 giant cockroaches (D:1)
  7 hobgoblins
  4 jackals (D:1)
  A quokka (D:3)
  4 bats
  5 frilled lizards
  4 goblins
  6 kobolds
  6 rats
51 creatures vanquished.

Notes
Turn   | Place    | Note
-------+----------+-------------------------------------------
     0 | D:1      | lunkers the Meteoran Fighter began the quest for the Orb.
     0 | D:1      | Reached XP level 1. HP: 19/19 MP: 2/2
   121 | D:1      | Reached XP level 2. HP: 25/26 MP: 3/3
   134 | D:1      | Reached skill level 3 in Short Blades
   232 | D:1      | Reached XP level 3. HP: 25/31 MP: 4/4
   471 | D:2      | Reached skill level 4 in Short Blades
   656 | D:2      | Reached XP level 4. HP: 38/38 MP: 5/5
  1156 | D:4      | Slain by a gnoll

Illustrated notes

Levels and vault maps discovered:
D:1:      tarquinn_simple_flora_water_f, layout_rooms,
          minmay_misc_feat_four_crosses, minmay_misc_feat_diagonals
D:2:      cheibrodos_helix_gallery, layout_basic, kennysheep_generic_room_5
D:3:      layout_basic
D:4:      layout_basic, elyvilon_altar_5, pf_just_have_faith,
          minmay_tree_intersection

Skill      XL: |  1  2  3 |
---------------+----------+-----
Short Blades   | 3 4 |  4.8
Fighting       | |  3.2
Armour         | |  3.6
Shields        | |  3.6

Action                   |  1- 3 |  4- 6 || total
-------------------------+-------+-------++-------
Melee: Rapier            |   141 |     4 ||   145
       Short sword       |       |    49 ||    49
Armor: Scale mail        |    83 |     5 ||    88
Dodge: Dodged            |    53 |     9 ||    62
Block: Buckler           |    43 |    12 ||    55

Table legend: (Time is in decaauts)
 A = Elapsed time spent in this place.
 B = Non-inter-level travel time spent in this place.
 C = Inter-level travel time spent in this place.
 D = Time resting spent in this place.
 E = Time spent auto-exploring this place.
 F = Levels seen in this place.
 G = Mean time per level.
                   A        B        C        D        E       F      G
               +--------+--------+--------+--------+--------+-----+--------+
         Total |   1143 |   1111 |     32 |      0 |    715 |   4 |  285.8 |
       Dungeon |   1143 |   1111 |     32 |      0 |    715 |   4 |  285.8 |
               +--------+--------+--------+--------+--------+-----+--------+

Top non-repeatable levels by time:
     D:2: 406 daAuts
     D:1: 377 daAuts
     D:3: 270 daAuts
     D:4: 89 daAuts
